 Dungeon Sprint DCSS version 0.18-a0-1788-g92de1ac (webtiles) character file.

581 wvc the Cruncher (level 7, -9/50 HPs)
             Began as a Demonspawn Gladiator on Apr 19, 2016.
             Was a Believer of Cheibriados.
             Mangled by a troll (11 damage)
             ... in the Dungeon (Sprint IX: "|||||||||||||||||||||||||||||").
             The game lasted 00:02:33 (497 turns).

wvc the Cruncher (Demonspawn Gladiator)              Turns: 497, Time: 00:02:34

Health: -9/50      AC: 11    Str: 20    XL:     7   Next: 14%
Magic:  0/7        EV: 11    Int: 15    God:    Cheibriados [**....]
Gold:   0          SH:  0    Dex: 20    Spells: 0 memorised, 6 levels left

rFire  . . .     SeeInvis .     p - +0 lajatang
rCold  . . .     Gourm    .     r - +1 scale mail
rNeg   . . .     Faith    .     (shield currently unavailable)
rPois  .         Spirit   +     c - +0 helmet
rElec  .         Dismiss  .     q - +0 cloak
rCorr  .         Reflect  .     (no gloves)
SustAt .         Harm     .     (no boots)
MR     .....     NoTele   +     (no amulet)
Stlth  ..........               (no ring)
                                (no ring)

@: very slow, not resistant to hostile enchantments, extremely unstealthy
A: talons 2, slimy green scales 1, magic shield, magic regeneration
a: Bend Time, Renounce Religion


You were in the Dungeon.
You worshipped Cheibriados.
Cheibriados was pleased with you.
You were not hungry.

You visited 1 branch

Inventory:

Hand Weapons
 a - a +0 quarterstaff
 p - a +0 lajatang (weapon)
Missiles
 d - 3 throwing nets (quivered)
Armour
 b - a troll hide
 c - a +0 helmet (worn)
 q - a +0 cloak (worn)
 r - a +1 scale mail (worn)
Wands
 o - a wand of lightning (7/15)
Scrolls
 k - 2 scrolls of blinking
 m - 3 scrolls of remove curse
 n - 2 scrolls of amnesia
Potions
 e - 5 potions of curing
 h - a potion of haste
 i - 4 potions of magic
Comestibles
 f - a bread ration
 g - 5 chunks of flesh


   Skills:
 + Level 2.0 Fighting
 * Level 13.8 Staves
 - Level 1.7 Throwing
 + Level 2.6 Dodging


You had 6 spell levels left.
You didn't know any spells.

Dungeon Overview and Level Annotations

Branches:
Dungeon (1/1)

Altars:
Cheibriados
Dithmenos
Elyvilon
Fedhas
Gozag
Kikubaaqudgha
Makhleb
Nemelex Xobeh
Okawaru
Pakellas
Qazlal
Ru
Sif Muna
Trog
Vehumet
Xom
Yredelemnul
Zin
The Shining One
Beogh
Jiyva
Lugonu


Innate Abilities, Weirdness & Mutations

You have razor-sharp toenails.
You are partially covered in slimy green scales (AC +2).
When hurt, damage is shared between your health and your magic reserves.
You regenerate magic rapidly.


Message History

You slash the troll! You claw the troll.
The troll is moderately wounded.
You hit the troll but do no damage. You claw the troll, but do no damage.
The troll is moderately wounded.
The troll closely misses you. The troll claws you!
* * * LOW HITPOINT WARNING * * *
The troll closely misses you.
You hit the troll. Your kick misses the troll.
The troll is heavily wounded.
The troll barely misses you. The troll closely misses you.
The troll claws you but does no damage.
Drink which item? (? for menu, Esc to quit)
Okay, then.
Okay, then.
You hit the troll.
The troll is heavily wounded.
The troll bites you!
* * * LOW HITPOINT WARNING * * *
The troll claws you!
You die...

▓.▓
▓W▓
▓K▓
▓o▓
▓o▓
▓C▓
▓T▓
▓@▓
▓.▓
▓.▓
▓.▓
▓.▓
▓)▓
▓'▓
▓=▓
▓.▓


You could see a hill giant, a troll, a wraith, an orc warrior, a big kobold and
an orc.

Vanquished Creatures
  A troll (D)
  3 ice beasts (D)
  A howler monkey (D)
  A hound (D)
  An adder (D)
  3 orcs (D)
  2 goblins (D)
  A hobgoblin (D)
  2 kobolds (D)
  A giant cockroach zombie (D)
16 creatures vanquished.

Vanquished Creatures (others)
  A spatial maelstrom (D)
1 creature vanquished.

Grand Total: 17 creatures vanquished

Notes
Turn   | Place    | Note
--------------------------------------------------------------
     0 | D        | wvc the Demonspawn Gladiator began the quest for the Orb.
     0 | D        | Reached XP level 1. HP: 16/16 MP: 1/1
    13 | D        | Banished a spatial maelstrom
    18 | D        | Reached skill level 3 in Staves
    25 | D        | Reached skill level 4 in Staves
   120 | D        | Noticed an ice beast
   120 | D        | Noticed a hound
   126 | D        | Gained mutation: When hurt, damage is shared between your health and your magic reserves. [demonic ancestry]
   126 | D        | Reached XP level 2. HP: 15/22 MP: 2/2
   132 | D        | Reached skill level 5 in Staves
   141 | D        | Reached skill level 7 in Staves
   141 | D        | Gained mutation: You have sharp toenails. [demonic ancestry]
   141 | D        | Reached XP level 3. HP: 27/27 MP: 1/3
   143 | D        | Killed an ice beast
   143 | D        | Reached skill level 9 in Staves
   143 | D        | Reached XP level 4. HP: 29/33 MP: 1/4
   143 | D        | Gained mutation: You have razor-sharp toenails. [demonic ancestry]
   143 | D        | Reached XP level 5. HP: 34/38 MP: 1/5
   180 | D        | Found a glowing silver altar of Zin.
   180 | D        | Found a glowing golden altar of the Shining One.
   180 | D        | Found an ancient bone altar of Kikubaaqudgha.
   180 | D        | Found a basalt altar of Yredelemnul.
   180 | D        | Found a shimmering altar of Xom.
   180 | D        | Found a radiant altar of Vehumet.
   181 | D        | Found an iron altar of Okawaru.
   182 | D        | Found a burning altar of Makhleb.
   183 | D        | Found a deep blue altar of Sif Muna.
   184 | D        | Found a bloodstained altar of Trog.
   185 | D        | Found a sparkling altar of Nemelex Xobeh.
   186 | D        | Found a white marble altar of Elyvilon.
   187 | D        | Found a roughly hewn altar of Beogh.
   188 | D        | Found a viscous altar of Jiyva.
   189 | D        | Found a corrupted altar of Lugonu.
   190 | D        | Found a blossoming altar of Fedhas.
   191 | D        | Found a snail-covered altar of Cheibriados.
   192 | D        | Found a shadowy altar of Dithmenos.
   193 | D        | Found a stormy altar of Qazlal.
   194 | D        | Found an opulent altar of Gozag.
   195 | D        | Found a sacrificial altar of Ru.
   196 | D        | Found an oddly glowing altar of Pakellas.
   201 | D        | Became a worshipper of Cheibriados the Contemplative
   249 | D        | Noticed a troll
   249 | D        | Noticed an ice beast
   249 | D        | Noticed an ice beast
   259 | D        | Killed an ice beast
   259 | D        | Reached skill level 11 in Staves
   264 | D        | Reached * piety under Cheibriados
   273 | D        | Killed an ice beast
   273 | D        | Reached ** piety under Cheibriados
   273 | D        | Reached skill level 12 in Staves
   273 | D        | Gained mutation: You are partially covered in slimy green scales (AC +2). [demonic ancestry]
   273 | D        | Reached XP level 6. HP: 21/44 MP: 1/6
   281 | D        | Killed a troll
   281 | D        | Reached skill level 13 in Staves
   281 | D        | Gained mutation: You regenerate magic rapidly. [demonic ancestry]
   281 | D        | Reached XP level 7. HP: 22/50 MP: 1/7
   485 | D        | Noticed a wraith
   485 | D        | Noticed a hill giant
   485 | D        | Noticed a troll
   497 | D        | HP: 2/50 [troll (6)]
   497 | D        | Mangled by a troll

Vault maps used:
D:        linesprint

Skill      XL: |  1  2  3  4  5  6 |
---------------+-------------------+-----
Staves         | 4 7 9 12 13 | 13.8
Fighting       | |  2.0
Throwing       | |  1.7
Dodging        | |  2.6

Action                   |  1- 3 |  4- 6 |  7- 9 || total
-------------------------+-------+-------+-------++-------
Melee: Quarterstaff      |    38 |       |       ||    38
       Kick              |     1 |     7 |     6 ||    14
       Lajatang          |       |    28 |    15 ||    43
  Use: Potion            |     2 |     3 |       ||     5
 Stab: Invisible         |       |     1 |     2 ||     3
Armor: Leather armour    |     7 |       |       ||     7
       Scale mail        |       |    12 |     9 ||    21
Dodge: Dodged            |    24 |    18 |     9 ||    51
